Croesus, chaotic female elven Ranger ---------------------- --...........)?....--.-- |...--------.....*.....---------- ---.------ |..|.).)...).).(....v[| |...| --.---|..|-..<.....--------.--- -- -----.--- |....|------.----.-- |a([| .-- |.....| --...-- --- --- --ra--- -...--- --...------|.....-- -------- ---- |@..| -......-- |..........|......--- --..--..----..| --Yd--- ........| -..-------..........---..[.....|...-- --ur.-- ........-- | |...| |.......)............)...%..-- |.N..| -...........| |..-- -.--.-..............(.......>-- --..)---........ --- .- |..............--.(........| |...).|.....| . ---.......--...||-.........--- -----.....- - ---...---|...--............| -..-- | |..-- --................| |....- ---- |...............-- |..... ---.....--....--- |...--- ------------- |...| --.-- -- Croesus the Trailblazer Experience level: 8 Strength: 18 Dexterity: 14 Constitution: 16 Intelligence: 14 Wisdom: 15 Charisma: 7 Health: 0(52) Energy: 43(43) Def: 13 Gold: 1733 Moves: 10155 Dungeon seed: _uzenYi2pnNpm6-s Game ID: Croesus_1582205157 Your Inventory: Coins $ - 1733 gold pieces Amulets X - an uncursed amulet of reflection (being worn) Weapons c - 47 +2 elven arrows d - the +1 Sting e - a +1 elven bow (weapon in hand) A - 4 +0 elven arrows G - 14 blessed poisoned +1 orcish arrows J - 10 +0 darts P - 20 poisoned +0 orcish arrows Z - 62 +0 arrows (in quiver) Armor b - an uncursed +2 elven cloak (being worn) n - an uncursed +0 pair of water walking boots q - an uncursed +0 mummy wrapping z - an uncursed +0 orcish helm (being worn) D - a blessed +0 pair of iron shoes (being worn) F - a blessed +1 Uruk-hai shield (being worn) N - an uncursed +0 elven mithril-coat (being worn) Comestibles f - 5 uncursed lembas wafers t - 2 uncursed cloves of garlic I - 3 uncursed lichen corpses K - 3 uncursed tripe rations U - 6 uncursed food rations Scrolls i - 4 uncursed scrolls of identify p - an uncursed scroll of taming s - 2 uncursed scrolls of create monster H - an uncursed scroll of gold detection L - an uncursed scroll of light O - an uncursed scroll of enchant armor Q - 2 uncursed scrolls of magic mapping W - 2 uncursed scrolls of earth Potions g - an uncursed potion of object detection m - an uncursed potion of paralysis E - an uncursed potion of sleeping R - a blessed potion of levitation V - an uncursed potion of booze Rings a - an uncursed ring of searching Wands h - a wand of sleep (0:5) o - a cursed wand of teleportation (0:4) r - a cursed wand of create monster (0:11) C - a wand of digging (0:4) S - a wand of locking (0:4) T - a wand of speed monster (0:5) Y - a wand of make invisible (0:4) Tools k - an uncursed skeleton key w - an uncursed leather drum x - a +0 pick-axe Gems j - 2 uncursed worthless pieces of yellow glass u - an uncursed diamond v - 2 uncursed worthless pieces of orange glass y - an uncursed worthless piece of violet glass Spells and supernatural/magical abilities: Name Level Category Fail Memory H - haste self 3 escape 100% 64% W - pray for help -- divine ? -- Your skills at the end: Fighting Skills Weapon Skills dagger [Expert] bow [Skilled] Spellcasting Skills Final Attributes: You were piously aligned. You were sleep resistant. You were poison resistant. You were telepathic. You had automatic searching. You had infravision. You were stealthy. You had reflection. You are dead. Vanquished creatures: 2 giant mimics 3 leprechauns 2 gnome kings a brown pudding 2 dogs a housecat 2 jaguars 2 blue jellies a dust vortex an ape a rope golem a soldier ant a water nymph 25 Uruk-hai a rock mole a pony a fog cloud 4 shriekers 2 violet fungi 3 gnome lords a gnomish wizard a kobold mummy a red naga hatchling a black naga hatchling a golden naga hatchling a guardian naga hatchling a gray ooze 4 elf zombies a ghoul a straw golem 2 giant ants a little dog 3 floating eyes 6 dwarves 3 kobold lords a kobold shaman a rothe 2 rabid rats 2 centipedes 4 giant bats 2 monkeys a dwarf zombie 2 iguanas 34 killer bees 4 acid blobs 12 coyotes 2 gas spores 5 hobbits a large kobold a hobgoblin 6 giant rats 2 cave spiders 2 brown molds 5 yellow molds a green mold 3 red molds 16 gnomes 2 garter snakes a gnome zombie 9 geckos 11 jackals 4 foxes 5 kobolds 3 goblins 5 sewer rats 10 grid bugs 5 bats 11 lichens a kobold zombie 6 newts 267 creatures vanquished. Voluntary challenges: You had been an atheist until turn 2544. You used a wielded weapon 203 times, starting on turn 221. You read items or engraved 17 times, starting on turn 1516. You never genocided any monsters. You never polymorphed an object. You never changed form. You used no wishes. You never split a pudding. You wrote Elbereth's name 1 time, starting on turn 2785. You never violated your personal moral code. Dungeon overview: The Dungeons of Doom: levels 1 to 8 Level 1 a fountain a long staircase Level 2 some fountains stairs to The Gnomish Mines Level 3 a weapon shop, some fountains Level 4 Level 5 a fountain Level 6 many fountains Level 7 an altar to Mars stairs to Sokoban Level 8 The Gnomish Mines: levels 3 to 5 Level 3 stairs to The Dungeons of Doom Level 4 <- You were here Level 5 Sokoban: levels 3 to 6 Level 3 Level 4 Level 5 Level 6 stairs to The Dungeons of Doom History has recorded: On T:1 you entered the Dungeons of Doom to retrieve the Amulet of Yendor! On T:256 you reached level 2 of The Dungeons of Doom. On T:550 you reached level 1 of The Gnomish Mines. On T:923 you reached level 3 of The Dungeons of Doom. On T:1017 you reached level 4 of The Dungeons of Doom. On T:1219 you advanced to experience level 2. On T:1438 you advanced to experience level 3. On T:1613 you reached level 5 of The Dungeons of Doom. On T:2085 you reached level 6 of The Dungeons of Doom. On T:2542 you reached level 7 of The Dungeons of Doom. On T:2717 you advanced to experience level 4. On T:2780 you advanced to experience level 5. On T:3118 you advanced to experience level 6. On T:3402 you reached level 8 of The Dungeons of Doom. On T:3814 you reached level 4 of Sokoban. On T:4315 you reached level 3 of Sokoban. On T:5276 you advanced to experience level 7. On T:5567 you reached level 2 of Sokoban. On T:6291 you reached level 1 of Sokoban. On T:6480 you advanced to experience level 8. On T:9231 you reached level 2 of The Gnomish Mines. On T:9252 you reached level 3 of The Gnomish Mines. Score breakdown: Gold: 1733 (11018 points) Experience: 8 levels (14739 points) Exploration: 8 levels ( 16.33%) (11456 points) Discoveries: 8 items ( 2.76%) ( 4982 points) Valuables value: (no points given unless you survive) Artifact value: 800 ( 9877 points) Variety of kills: 70 monsters ( 18.37%) (12859 points) Turncount: 10155 turns (-2401 points) Survival: died (score multiplied by 80%) Total score: 50024 Latest messages: The ghoul misses. The ghoul hits! The rock mole bites! Sirius bites the ghoul. The ghoul is destroyed! The soldier ant bites! The soldier ant stings! You write in the dust with your fingers. The soldier ant bites! The soldier ant misses. Sirius bites the ape. The ape hits Sirius. The ape misses Sirius. (2x) You add to the writing in the dust with your fingers. The ape hits! The ape misses. The ape bites! The pony misses Sirius. The pony bites Sirius. The soldier ant misses. (2x) Sirius bites the ape. The ape misses Sirius. (3x) The pony misses Sirius. (2x) The soldier ant misses. The soldier ant stings! You die... Final status: Goodbye Croesus the Ranger, killed by a soldier ant... You died in The Gnomish Mines on dungeon level 4 with 50024 points, and 1733 pieces of gold, after 10155 moves. You were level 8 with a maximum of 52 hit points when you died.